[Event "Team 45 45 League T77"]
[Site "Internet Chess Club"]
[Date "2018.07.09"]
[Round "3"]
[White "Aquaman"]
[Black "PsyMar"]
[Result "0-1"]
[WhiteElo "1215"]
[BlackElo "1266"]
[Opening "Réti: King's Indian attack"]
[ECO "A08"]
[Time "15:30:42"]
[TimeControl "2700+45"]

1. Nf3 d5 2. g3 c5 3. Bg2 Nc6 4. O-O e5 5. d3 Be7 6. Nbd2 Nf6 7. Re1 Be6 8. e4
d4 9. b3 Qc7 10. a4 O-O 11. Bb2 Nd7 12. h4 Bg4 13. Qc1 f6 14. Nf1 Bxf3 15. Bxf3
g5 16. h5 f5 17. exf5 Rxf5 18. Bg4 Rff8 19. Ba3 h6 20. Bb2 Nf6 21. Bh3 Nxh5 22.
c3 Bd6 23. cxd4 exd4 24. Ba3 b6 25. Bg2 Rae8 26. Qc4+ Kh8 27. Be4 Ne5 28. Qc2
Ng4 29. Re2 Bxg3 30. Nxg3 Nxg3 31. fxg3 Qxg3+ 32. Rg2 Qe3+ 33. Kh1 Nf2+ 34. Kh2
Qh3+ 35. Kg1 Qh1# {White checkmated} 0-1

[Event "Team 45 45 League T77"]
[Site "Internet Chess Club"]
[Date "2018.07.06"]
[Round "3"]
[White "HomerSimpson"]
[Black "FlyingTiger"]
[Result "1-0"]
[WhiteElo "1995"]
[BlackElo "1683"]
[Opening "English opening"]
[ECO "A30"]
[Time "15:01:53"]
[TimeControl "2700+45"]

1. Nf3 Nf6 2. c4 c5 3. g3 g6 4. b3 Nc6 5. Bb2 Bg7 6. Bg2 d6 7. O-O O-O 8. d4
cxd4 9. Nxd4 Bd7 10. Nc3 a6 11. Rc1 Rb8 12. e4 Nxd4 13. Qxd4 Bc6 14. Nd5 Nh5 15.
Qd2 Bxb2 16. Qxb2 Bxd5 17. cxd5 Qd7 18. Rc4 Rbc8 19. Rfc1 Rxc4 20. Rxc4 Rc8 21.
Qc3 Rxc4 22. Qxc4 Nf6 23. h3 Qd8 24. f4 Qb6+ 25. Kh2 Qf2 26. a4 h5 27. e5 dxe5
28. fxe5 Nh7 29. Qc8+ Kg7 30. Qxb7 Ng5 31. d6 exd6 32. exd6 Ne6 33. Qxa6 Nd4 34.
Qd3 Ne2 35. h4 g5 36. hxg5 h4 37. Kh3 hxg3 38. Kg4 Qf4+ 39. Kh5 Qe5 40. Qe4 Nf4+
41. Kg4 f5+ 42. gxf6+ {Black resigns} 1-0

[Event "Team 45 45 League T77"]
[Site "Internet Chess Club"]
[Date "2018.07.07"]
[Round "3"]
[White "scostanzo212"]
[Black "zethhon"]
[Result "1-0"]
[WhiteElo "1531"]
[BlackElo "1338"]
[Opening "QGD: exchange, positional line"]
[ECO "D35"]
[Time "21:01:07"]
[TimeControl "2700+45"]

1. d4 d5 2. c4 e6 3. Nc3 Nf6 4. cxd5 exd5 5. Bg5 Be7 6. e3 O-O 7. Bd3 Bg4 8. Qc2
h6 9. Bf4 Nbd7 10. h3 Be6 11. Nf3 Rc8 12. O-O c5 13. dxc5 Nxc5 14. Rac1 Nce4 15.
Qb1 Bb4 16. Bxe4 Nxe4 17. Nxe4 Bf5 18. Rxc8 Qxc8 19. Rc1 Qe6 20. Qc2 Bxe4 21.
Qe2 Rc8 22. Rxc8+ Qxc8 23. Qd1 Qc4 24. a3 Bc5 25. Ne5 Bd6 26. Nxc4 {Black
resigns} 1-0

[Event "Team 45 45 League T77"]
[Site "Internet Chess Club"]
[Date "2018.07.06"]
[Round "3"]
[White "Pawnchain"]
[Black "Arthurhon"]
[Result "1/2-1/2"]
[WhiteElo "1450"]
[BlackElo "1405"]
[Opening "Queen's pawn: London system"]
[ECO "A45"]
[Time "08:01:07"]
[TimeControl "2700+45"]

1. d4 Nf6 2. Bf4 d5 3. e3 Bf5 4. c3 e6 5. Nd2 c5 6. Qb3 b6 7. Ngf3 Be7 8. Bxb8
Rxb8 9. Qa4+ Nd7 10. Ne5 Rb7 11. Nxd7 Rxd7 12. Bb5 e5 13. dxe5 O-O 14. Bxd7 Bxd7
15. Qxa7 {Game drawn by mutual agreement} 1/2-1/2

[Event "Team 45 45 League T77"]
[Site "Internet Chess Club"]
[Date "2018.07.07"]
[Round "3"]
[White "Egmont"]
[Black "filmdirector"]
[Result "1/2-1/2"]
[WhiteElo "1558"]
[BlackElo "1451"]
[Opening "QGD: exchange, positional line"]
[ECO "D35"]
[Time "12:00:57"]
[TimeControl "2700+45"]

1. d4 d5 2. c4 e6 3. Nc3 Nf6 4. cxd5 exd5 5. Bg5 Be7 6. e3 h6 7. Bxf6 Bxf6 8. b4
O-O 9. Bd3 Re8 10. Nf3 Bg4 11. O-O Qd6 12. Qa4 c6 13. Be2 Nd7 14. Qb3 Bd8 15.
Nd2 Bf5 16. Rfe1 Bc7 17. Nf1 Nf6 18. a4 b6 19. Rad1 Nh7 20. b5 a6 21. bxc6 Red8
22. Bf3 Be6 23. Rc1 Ng5 24. Qd1 Rac8 25. e4 dxe4 26. Nxe4 Qxd4 27. Qxd4 Rxd4 28.
Nxg5 hxg5 29. Red1 Rcd8 30. Rxd4 Rxd4 31. Bd1 Kf8 32. Ne3 Ke7 33. Kf1 Kd8 34. g3
f5 35. Bc2 g6 36. Rd1 Rxd1+ 37. Bxd1 b5 38. axb5 axb5 39. Be2 b4 40. Ke1 f4 41.
Nc4 Bd5 42. Bd3 Ke7 43. Nb2 Kf6 44. Bb5 Ke5 45. Nd3+ Kd4 46. Nxb4 Ba5 47. c7
Bxb4+ 48. Kd1 Bb7 49. Bd7 Bf3+ 50. Kc2 Bb7 51. c8=Q Bxc8 52. Bxc8 fxg3 53. fxg3
Ke3 54. Kb3 Bd6 55. g4 Bxh2 56. Kc4 {Game drawn by mutual agreement} 1/2-1/2

[Event "Team 45 45 League T77"]
[Site "Internet Chess Club"]
[Date "2018.07.07"]
[Round "3"]
[White "Chessfish"]
[Black "AVEMARIA"]
[Result "1-0"]
[WhiteElo "1709"]
[BlackElo "1600"]
[Opening "Caro-Kann: advance variation"]
[ECO "B12"]
[Time "12:00:52"]
[TimeControl "2700+45"]

1. e4 c6 2. d4 d5 3. e5 Bf5 4. Nf3 e6 5. Be2 c5 6. c3 Nc6 7. O-O cxd4 8. cxd4
Bg6 9. Nbd2 Nge7 10. Nb3 Nf5 11. Bd3 Be7 12. Bf4 Nh4 13. Nxh4 Bxh4 14. Bg3 Bxg3
15. fxg3 Bxd3 16. Qxd3 O-O 17. Rf4 Ne7 18. Raf1 Ng6 19. R4f3 b6 20. Nc1 Qe7 21.
Ne2 Rac8 22. Nc3 Qb4 23. R3f2 Qc4 24. Qd1 b5 25. a3 a6 26. h4 Qc6 27. h5 Nh8 28.
h6 Qd7 29. hxg7 Kxg7 30. Qg4+ Ng6 31. Ne2 Rc2 32. Nf4 Rxf2 33. Rxf2 Qe7 34. Nh5+
Kh8 35. Nf6 Kg7 36. Qg5 h6 37. Qc1 Rh8 38. Nh5+ Kh7 39. Qf1 Rf8 40. Rf6 Qa7 41.
Qf2 Qe7 42. Nf4 Kg7 43. Qc2 Nxf4 44. gxf4 Qa7 45. Qd3 Qb6 46. Qg3+ Kh7 47. Qh4
{Black resigns} 1-0

[Event "Team 45 45 League T77"]
[Site "Internet Chess Club"]
[Date "2018.07.09"]
[Round "3"]
[White "DaveTheRook"]
[Black "pokerram"]
[Result "1/2-1/2"]
[WhiteElo "1605"]
[BlackElo "1603"]
[Opening "Queen's bishop game"]
[ECO "D02"]
[Time "19:00:30"]
[TimeControl "2700+45"]

1. d4 d5 2. Nf3 Nf6 3. Bf4 c5 4. c4 Nc6 5. Nc3 a6 6. e3 e6 7. Be2 Bd6 8. Bxd6
Qxd6 9. O-O O-O 10. a3 dxc4 11. Bxc4 b5 12. Be2 cxd4 13. Nxd4 Nxd4 14. Qxd4 Qxd4
15. exd4 Bb7 16. Rfe1 Rfd8 17. Rad1 Rd7 18. Bf1 Rad8 19. Ne2 Bd5 20. b4 Bc4 21.
Rc1 Rd6 22. g3 Nd5 23. Bg2 g6 24. h4 Kg7 25. Kh2 h5 26. Ng1 Nb6 27. Nf3 f6 28.
Bh3 f5 29. Re5 Bd5 30. Ng5 Nc4 31. Rce1 Nxe5 32. Rxe5 Rc8 33. Bg2 Bxg2 34. Kxg2
Kg8 35. Nxe6 Re8 36. d5 Rdxe6 37. dxe6 Re7 38. Kf3 Kg7 39. Kf4 Kf6 40. Re3 Rxe6
41. Rxe6+ Kxe6 42. Kg5 Kf7 43. f3 Kg7 44. Kf4 Kf6 45. Ke3 Ke5 46. f4+ Ke6 47.
Kd4 Kd6 48. Kc3 Kc6 49. Kd4 {Game drawn by mutual agreement} 1/2-1/2

[Event "Team 45 45 League T77"]
[Site "Internet Chess Club"]
[Date "2018.07.09"]
[Round "3"]
[White "anishio"]
[Black "tightfist"]
[Result "1-0"]
[WhiteElo "1615"]
[BlackElo "1443"]
[Opening "French: Tarrasch, open variation"]
[ECO "C07"]
[Time "21:05:06"]
[TimeControl "2700+45"]

1. e4 e6 2. d4 d5 3. Nd2 c5 4. exd5 Qxd5 5. Ngf3 cxd4 6. Bc4 Qc5 7. O-O Nc6 8.
Qe2 Nf6 9. Nb3 Qb6 10. Rd1 Be7 11. Nbxd4 Nxd4 12. Nxd4 O-O 13. c3 Bd7 14. Bf4 a6
15. a4 Rac8 16. a5 Qc5 17. Bd3 Nd5 18. Bg3 Rfd8 19. Qh5 Nf6 20. Qf3 Bc6 21. Nxc6
Qxc6 22. Qxc6 Rxc6 23. Bh4 Rcd6 24. Be2 Rd2 25. Bf3 Rxb2 26. Rdb1 Rxb1+ 27. Rxb1
Nd5 28. Bxe7 Nxe7 29. Bxb7 Nd5 30. c4 Nc3 31. Ra1 Rb8 32. Bxa6 Kf8 33. c5 Ke7
34. c6 Nd5 35. Bb7 Kd6 36. a6 Nb6 37. a7 Ra8 38. Bxa8 Nxa8 39. Ra6 Kc7 40. f4 h5
41. Kf2 g6 42. Ke3 f6 43. h4 Kd6 44. c7+ Kxc7 45. Rxe6 Kb7 46. Rxf6 Kxa7 47.
Rxg6 Nb6 48. Rxb6 Kxb6 49. Ke4 Kc6 50. Ke5 Kd7 51. Kf6 Kd6 52. Kg7 Ke6 53. Kg6
Ke7 54. f5 Kf8 55. Kf6 Kg8 56. Ke7 Kg7 57. f6+ {Black resigns} 1-0

[Event "Team 45 45 League T77"]
[Site "Internet Chess Club"]
[Date "2018.07.08"]
[Round "3"]
[White "joaoazm"]
[Black "losscause"]
[Result "1/2-1/2"]
[WhiteElo "1522"]
[BlackElo "1470"]
[Opening "King's Indian: 6.Be2"]
[ECO "E91"]
[Time "19:01:10"]
[TimeControl "2700+45"]

1. d4 Nf6 2. c4 d6 3. Nc3 g6 4. e4 Bg7 5. Nf3 O-O 6. Be2 c5 7. O-O cxd4 8. Nxd4
Nc6 9. Be3 a6 10. Nxc6 bxc6 11. c5 Qc7 12. Bf4 Rd8 13. a3 a5 14. Qc2 Ba6 15.
Bxa6 Rxa6 16. Rfd1 Nh5 17. cxd6 exd6 18. Be3 Qe7 19. Bd4 Bxd4 20. Rxd4 Nf6 21.
Rad1 Raa8 22. Qd2 Ne8 23. Na4 Qc7 24. Rd3 Rab8 25. Kh1 Rb5 26. Nc3 Rh5 27. Rd4
d5 28. f4 Nf6 29. h3 c5 30. Nxd5 Nxd5 31. Rxd5 Rhxd5 32. exd5 Rd6 33. Kh2 g5 34.
g3 gxf4 35. Qxf4 Qd8 36. Qc4 Qb6 37. Rd2 Kg7 38. Kg2 Kf8 39. Qc3 Kg8 40. Qe3 Qc7
41. Kf3 Rf6+ 42. Kg2 Rd6 43. Qe8+ Kg7 44. Qe5+ Kg8 {Game drawn by mutual
agreement} 1/2-1/2

[Event "Team 45 45 League T77"]
[Site "Internet Chess Club"]
[Date "2018.07.07"]
[Round "3"]
[White "zethhon"]
[Black "guyd52"]
[Result "1-0"]
[WhiteElo "1347"]
[BlackElo "1277"]
[Opening "Modern defense"]
[ECO "E61"]
[Time "06:00:52"]
[TimeControl "2700+45"]

1. d4 g6 2. Nf3 Bg7 3. c4 d6 4. Nc3 Nf6 5. e3 O-O 6. Be2 Nbd7 7. O-O e5 8. Qc2
Re8 9. e4 exd4 10. Nxd4 Nxe4 11. Nxe4 Bxd4 12. Bg5 Bf6 13. Nxf6+ Nxf6 14. Bf3
Bf5 15. Qb3 Be4 16. Bxe4 Rxe4 17. Qxb7 Rxc4 18. Bxf6 Qb8 19. Qxb8+ Rxb8 20. Rfe1
Rf4 21. Bc3 h5 22. Re7 Rb7 23. Re8+ Kh7 24. Rh8# {Black checkmated} 1-0

[Event "Team 45 45 League T77"]
[Site "Internet Chess Club"]
[Date "2018.07.05"]
[Round "3"]
[White "Conjurer"]
[Black "Pawnchain"]
[Result "0-1"]
[WhiteElo "1235"]
[BlackElo "1452"]
[Opening "Queen's pawn: London system"]
[ECO "A45"]
[Time "13:04:01"]
[TimeControl "2700+45"]

1. d4 Nf6 2. Bf4 d5 3. e3 c5 4. c3 Nc6 5. Nf3 Qb6 6. Qc2 Bf5 7. Qb3 c4 8. Qxb6
axb6 9. Na3 e6 10. Nb5 Rc8 11. Nd6+ Bxd6 12. Bxd6 Nd7 13. Be2 f6 14. Nh4 Bg6 15.
Nxg6 hxg6 16. Bg4 Kf7 17. f3 Rhd8 18. e4 Nf8 19. Bg3 dxe4 20. fxe4 f5 21. O-O
Kg8 22. Be2 Ne7 23. b3 cxb3 24. axb3 Rxc3 25. Bc4 b5 26. Be5 bxc4 27. bxc4 Rxc4
28. Ra7 Nc6 29. Rxb7 Nxe5 30. dxe5 Rxe4 31. Rb5 Rd5 32. Rxd5 exd5 33. Rd1 d4 34.
Kf2 Nd7 35. e6 Rxe6 36. Rxd4 Ne5 37. Kg3 Kf7 38. Kf4 Kf6 39. h4 Ng4 40. g3 Nf2
41. Rd5 Re4+ 42. Kf3 Ng4 43. h5 gxh5 44. Rd6+ Kg5 {White resigns} 0-1

[Event "Team 45 45 League T77"]
[Site "Internet Chess Club"]
[Date "2018.07.06"]
[Round "3"]
[White "LuFran"]
[Black "Kingofknights"]
[Result "1-0"]
[WhiteElo "1466"]
[BlackElo "1442"]
[Opening "Caro-Kann: anti-anti-Caro-Kann defense"]
[ECO "B10"]
[Time "13:30:22"]
[TimeControl "2700+45"]

1. e4 c6 2. c4 d5 3. exd5 cxd5 4. cxd5 Nf6 5. Nc3 Nxd5 6. Nf3 Nc6 7. Bb5 e6 8.
O-O a6 9. Bxc6+ bxc6 10. d4 Bd6 11. Qa4 Bd7 12. Ne5 Nxc3 13. bxc3 Bxe5 14. dxe5
c5 15. Qg4 Kf8 16. Rd1 Qc7 17. Ba3 Rd8 18. Qc4 Qxe5 19. Qxc5+ Qxc5 20. Bxc5+ Ke8
21. Rab1 Bb5 22. Rxd8+ Kxd8 23. c4 Bd7 24. Rb7 Re8 25. Bb6+ Kc8 26. Ra7 e5 27.
Rc7+ Kd8 28. c5 Be6 29. Rxf7+ Kc8 30. Rxg7 Bxa2 31. c6 Be6 32. Rxh7 Bd5 33. Rd7
Bc4 34. Ra7 Kb8 35. c7+ Kc8 36. Ra8+ Kd7 37. Rxe8 {Black resigns} 1-0

[Event "Team 45 45 League T77"]
[Site "Internet Chess Club"]
[Date "2018.07.06"]
[Round "3"]
[White "seattleblues"]
[Black "BrianWood"]
[Result "0-1"]
[WhiteElo "1281"]
[BlackElo "1505"]
[Opening "King's Indian, 3.Nf3"]
[ECO "E61"]
[Time "21:06:46"]
[TimeControl "2700+45"]

1. d4 Nf6 2. Nf3 g6 3. c4 Bg7 4. Nc3 O-O 5. Bf4 d6 6. e3 Nbd7 7. Be2 c6 8. O-O
Nh5 9. Bg5 h6 10. Bh4 g5 11. Nd2 Nhf6 12. Bg3 e5 13. dxe5 dxe5 14. b4 a6 15. h3
Ne8 16. Nf3 f5 17. Bxe5 Qe7 18. Bxg7 Nxg7 19. Rb1 g4 20. hxg4 fxg4 21. Nh2 g3
22. fxg3 Rxf1+ 23. Qxf1 Qxe3+ 24. Kh1 Qxc3 25. c5 Nf6 26. Bc4+ Be6 27. Rc1 Bxc4
28. Qxc4+ Qxc4 29. Rxc4 Nd5 {White resigns} 0-1

[Event "Team 45 45 League T77"]
[Site "Internet Chess Club"]
[Date "2018.07.07"]
[Round "3"]
[White "olivermx"]
[Black "Just-Jim"]
[Result "1-0"]
[WhiteElo "1221"]
[BlackElo "1216"]
[Opening "St. George (Baker) defense"]
[ECO "B00"]
[Time "11:00:22"]
[TimeControl "2700+45"]

1. e4 a6 2. d4 h6 3. Nf3 Nf6 4. e5 Nh7 5. Be3 d6 6. Nbd2 dxe5 7. Nxe5 e6 8. c3
Bd6 9. Nef3 O-O 10. Bd3 Nf6 11. O-O Nc6 12. Qc2 Ne7 13. h3 Ned5 14. Rfe1 Nxe3
15. fxe3 g6 16. e4 Bg3 17. Rf1 Nh5 18. e5 Bf4 19. Bxg6 Be3+ 20. Kh2 Bf4+ 21. Kg1
Be3+ 22. Kh2 Nf4 23. Qe4 Nxg6 24. Qxe3 b6 25. Qxh6 Bb7 26. Ng5 Re8 27. Qh7+ Kf8
28. Qxf7# {Black checkmated} 1-0

[Event "Team 45 45 League T77"]
[Site "Internet Chess Club"]
[Date "2018.07.08"]
[Round "3"]
[White "mof63"]
[Black "PsyMar"]
[Result "1-0"]
[WhiteElo "1195"]
[BlackElo "1251"]
[Opening "QGD Slav defense: exchange variation"]
[ECO "D13"]
[Time "13:30:32"]
[TimeControl "2700+45"]

1. d4 d5 2. c4 c6 3. cxd5 cxd5 4. Nc3 Nf6 5. Nf3 Nc6 6. Bf4 Bg4 7. e3 a6 8. Be2
e6 9. O-O Be7 10. h3 Bh5 11. Rc1 O-O 12. Ne5 Bxe2 13. Qxe2 Nxe5 14. Bxe5 Nd7 15.
Bh2 Rc8 16. Rc2 b5 17. Rfc1 b4 18. Na4 Rxc2 19. Qxc2 f6 20. Qc7 Qe8 21. Qb7 a5
22. Rc7 Qg6 23. Bg3 Rf7 24. Rxd7 Qb1+ 25. Kh2 Qxa2 26. Nc5 Qxb2 27. Rxe7 Rxe7
28. Qxe7 h5 29. Nxe6 h4 30. Qxg7# {Black checkmated} 1-0

[Event "Team 45 45 League T77"]
[Site "Internet Chess Club"]
[Date "2018.07.08"]
[Round "3"]
[White "Just-Jim"]
[Black "GiantsFan"]
[Result "0-1"]
[WhiteElo "1219"]
[BlackElo "1138"]
[Opening "Queen's pawn game"]
[ECO "D00"]
[Time "17:01:22"]
[TimeControl "2700+45"]

1. d4 d5 2. h3 c5 3. Nf3 Nf6 4. Bf4 Nc6 5. Nc3 e6 6. e3 Bd7 7. Nb5 Rc8 8. Nc7+
Rxc7 9. Bxc7 Qxc7 10. Be2 cxd4 11. Nxd4 Bc5 12. Nb5 Qa5+ 13. c3 a6 14. O-O O-O
15. b4 Bxb4 16. cxb4 Nxb4 17. Nd6 Qc7 18. a3 Nc6 19. Rb1 Qxd6 20. a4 Qc7 21. g4
h6 22. Rb2 Rb8 23. h4 Ne4 24. Bf3 Nd6 25. Rc2 Qa5 26. e4 Ne5 27. exd5 Bxa4 28.
dxe6 Bxc2 29. Qxd6 Nxf3+ 30. Kh1 Qd8 31. Qf4 fxe6 32. Qxf3 Qxh4+ 33. Kg2 h5 34.
Qf4 Qxg4+ 35. Qxg4 hxg4 36. Kg3 Bf5 37. Rd1 e5 38. Rd5 Re8 39. f3 gxf3 40. Kxf3
g6 41. Rc5 e4+ 42. Ke3 Kf7 43. Rc7+ Re7 44. Rc4 Kf6 45. Rb4 b5 46. Rd4 g5 47.
Rd6+ Re6 48. Rd8 g4 49. Rf8+ Ke5 50. Rc8 g3 51. Rc5+ Kf6 52. Kf4 Bh3 53. Kxg3 e3
54. Rc1 e2 55. Kf2 Bg4 56. Re1 b4 57. Kg3 Kg5 58. Kf2 a5 59. Rc1 Kh4 60. Rh1+
Kg5 61. Rc1 Re5 62. Re1 b3 63. Rb1 b2 64. Rxb2 e1=Q+ 65. Kg2 Re2+ 66. Rxe2 Qxe2+
67. Kg1 Kf4 68. Kh1 Kg3 69. Kg1 Qe1# {White checkmated} 0-1

[Event "Team 45 45 League T77"]
[Site "Internet Chess Club"]
[Date "2018.07.08"]
[Round "3"]
[White "RobertBuice"]
[Black "WzeroMN"]
[Result "1-0"]
[WhiteElo "1061"]
[BlackElo "1030"]
[Opening "Three knights game"]
[ECO "C46"]
[Time "17:02:09"]
[TimeControl "2700+45"]

1. e4 e5 2. Nf3 Nc6 3. Nc3 Bc5 4. Qe2 Nf6 5. h3 O-O 6. Qc4 d6 7. d3 Qe8 8. Nd5
Nxd5 9. exd5 Ne7 10. Be3 b5 11. Qe4 Bxe3 12. fxe3 Bb7 13. Ng5 f5 14. Qh4 Qg6 15.
e4 Qh6 16. Qxh6 gxh6 17. Ne6 Rfc8 18. O-O-O fxe4 19. dxe4 c5 20. Bxb5 Ng6 21.
Rhf1 Nf8 22. Bd7 Rd8 23. Nxd8 Rxd8 24. Be6+ Kh8 25. Rf7 Nxe6 26. dxe6 Bxe4 27.
e7 {Black resigns} 1-0

[Event "Team 45 45 League T77"]
[Site "Internet Chess Club"]
[Date "2018.07.05"]
[Round "3"]
[White "smsxman"]
[Black "Balderdash"]
[Result "1-0"]
[WhiteElo "1292"]
[BlackElo "1220"]
[Opening "Ruy Lopez: Bird's defense"]
[ECO "C61"]
[Time "12:59:39"]
[TimeControl "2700+45"]

1. e4 e5 2. Nf3 Nc6 3. Bb5 Nd4 4. Nxd4 exd4 5. d3 c6 6. Ba4 Bb4+ 7. Bd2 Be7 8.
O-O b5 9. Bb3 c5 10. c3 c4 11. dxc4 bxc4 12. Bxc4 a5 13. Qf3 Nf6 14. cxd4 d6 15.
e5 Bg4 16. Qg3 h5 17. exf6 Bxf6 18. Bb5+ Bd7 19. Re1+ Kf8 20. Qxd6+ Be7 21. Qxd7
Qxd7 22. Bxd7 Rd8 23. Ba4 Rxd4 24. Bc3 Rxa4 25. Na3 Rg4 26. f3 Rg6 27. Bxa5 h4
28. Rac1 Kg8 29. Rxe7 Kh7 30. Rxf7 h3 31. g3 Ra8 32. Bc3 Rg8 33. Kf2 Rd6 34. Nc4
Re6 35. Ne5 Rge8 36. Re1 Kg8 37. Rb7 Kh7 38. Nd3 Rxe1 39. Nxe1 Ra8 40. Rxg7+ Kh6
41. a3 Rd8 42. Rg4 Rd5 43. Rh4+ Kg5 44. Rxh3 Kg6 45. f4 Rf5 46. Nf3 Kf7 47. Ng5+
Ke8 48. Rh8+ Kd7 49. Rh7+ Kc6 50. Rh6+ Kb5 51. Ne6 Kc4 52. Nd4 Rf7 53. Rc6+ Kd3
54. Nf3 Re7 55. Rd6+ Kc2 56. Rd2+ Kb3 57. Nd4+ Ka2 58. Bb4 Re4 59. b3+ Kb1 60.
Ne2 Re8 61. Nc3+ Ka1 62. Ra2# {Black checkmated} 1-0

[Event "Team 45 45 League T77"]
[Site "Internet Chess Club"]
[Date "2018.07.08"]
[Round "3"]
[White "guyd52"]
[Black "rkjulianjr"]
[Result "1-0"]
[WhiteElo "1296"]
[BlackElo "1317"]
[Opening "Réti: King's Indian attack, Keres variation"]
[ECO "A07"]
[Time "07:00:49"]
[TimeControl "2700+45"]

1. Nf3 d5 2. g3 Bg4 3. Bg2 Nd7 4. d3 Ngf6 5. O-O c6 6. Nbd2 e6 7. Re1 Bc5 8. e4
Qb6 9. Re2 O-O 10. Qe1 Rfe8 11. h3 Bxf3 12. Bxf3 Ne5 13. a3 Nxf3+ 14. Nxf3 dxe4
15. dxe4 Nxe4 16. Rxe4 Bxf2+ 17. Qxf2 Qb5 18. c4 Qb3 19. Qe2 Red8 20. Nd4 Qxg3+
21. Qg2 Qd3 22. Bh6 g6 23. Nxe6 fxe6 24. Rxe6 Qd4+ 25. Kh1 Qxc4 26. Rxg6+ Kf7
27. Rg7+ Ke6 28. Re1+ Kd6 29. Qg3+ Kc5 30. Rc1 Qxc1+ 31. Bxc1 Rd1+ 32. Kg2 Re8
33. Qf2+ Kc4 34. Qc2+ Kb5 35. Qxd1 {Black resigns} 1-0

[Event "Team 45 45 League T77"]
[Site "Internet Chess Club"]
[Date "2018.07.06"]
[Round "3"]
[White "oldprez1"]
[Black "Aquaman"]
[Result "1-0"]
[WhiteElo "1244"]
[BlackElo "1230"]
[Opening "English: closed system"]
[ECO "A25"]
[Time "20:01:04"]
[TimeControl "2700+45"]

1. c4 g6 2. Nc3 Bg7 3. g3 e5 4. Bg2 Nc6 5. e4 Nf6 6. d3 O-O 7. Nf3 d6 8. a3 Bg4
9. b4 Nd4 10. h3 Bxf3 11. Bxf3 Nxf3+ 12. Qxf3 h6 13. Be3 c6 14. O-O Nh7 15. Rad1
b6 16. b5 Qd7 17. Kh2 Nf6 18. d4 exd4 19. Bxd4 Qe7 20. bxc6 Rac8 21. Nd5 Nxd5
22. cxd5 Bxd4 23. Rxd4 Qe5 24. Ra4 Ra8 25. Rc1 b5 26. Rb4 a6 27. a4 bxa4 28.
Rxa4 h5 29. h4 Qe7 30. Rb1 Rfc8 31. Rb7 Rc7 32. Rxc7 Qxc7 33. Qd3 a5 34. Qb5 Rb8
35. Qxa5 Qxa5 36. Rxa5 Rc8 37. Ra7 Kg7 38. Rd7 Kf8 39. Rxd6 Ke7 40. Rd7+ Kf6 41.
c7 Kg7 42. d6 Kf6 43. Rd8 {Black resigns} 1-0

[Event "Team 45 45 League T77"]
[Site "Internet Chess Club"]
[Date "2018.07.04"]
[Round "3"]
[White "tasawyer81"]
[Black "vedv"]
[Result "1-0"]
[WhiteElo "1194"]
[BlackElo "1100"]
[Opening "Queen's pawn, Mason variation"]
[ECO "D00"]
[Time "22:32:17"]
[TimeControl "2700+45"]

1. d4 d5 2. Bf4 Nf6 3. e3 Nc6 4. c3 Bg4 5. Qc2 Qd7 6. Nd2 O-O-O 7. Ngf3 Ne4 8.
Bd3 f5 9. h3 Bxf3 10. Nxf3 h6 11. O-O g5 12. Bg3 f4 13. Bh2 fxe3 14. fxe3 g4 15.
hxg4 Qxg4 16. Ne1 h5 17. Rf4 Qg5 18. Nf3 Qg6 19. Rf1 Bh6 20. Nh4 Qg5 21. Nf5
Rhg8 22. Nxh6 Qxh6 23. Bxe4 dxe4 24. Qxe4 Qg7 25. Qf5+ Kb8 26. Qh3 Rd5 27. Rf7
Qg6 28. R7f2 Rg5 29. Rf8+ Rxf8 30. Rxf8+ Nd8 31. Rxd8# {Black checkmated} 1-0

[Event "Team 45 45 League T77"]
[Site "Internet Chess Club"]
[Date "2018.07.07"]
[Round "3"]
[White "g8wrb"]
[Black "seattleblues"]
[Result "0-1"]
[WhiteElo "1342"]
[BlackElo "1301"]
[Opening "Caro-Kann defense"]
[ECO "B10"]
[Time "13:01:52"]
[TimeControl "2700+45"]

1. e4 c6 2. Nf3 d5 3. e5 Bf5 4. d4 e6 5. Be2 Nd7 6. O-O Ne7 7. Bf4 Nc8 8. Nbd2
Be7 9. Nb3 O-O 10. c4 dxc4 11. Bxc4 Ncb6 12. Be2 Nd5 13. Qd2 Nxf4 14. Qxf4 Nb6
15. Rac1 Nd5 16. Qd2 Bg4 17. Nc5 Rb8 18. a3 Bxf3 19. Bxf3 Bg5 20. Qd3 Bxc1 21.
Rxc1 Qg5 22. Qc2 Rfd8 23. Be4 g6 24. Re1 Nc7 25. h3 Rxd4 26. Qc3 Rdd8 27. Bf3
Nb5 28. Qb3 Nd4 29. Qc3 Nxf3+ 30. Qxf3 Qd2 31. Re2 Qc1+ 32. Kh2 Qxc5 {White
resigns} 0-1

[Event "Team 45 45 League T77"]
[Site "Internet Chess Club"]
[Date "2018.07.06"]
[Round "3"]
[White "renebonilla1969"]
[Black "dabodhi"]
[Result "0-1"]
[WhiteElo "1141"]
[BlackElo "1339"]
[Opening "Scandinavian: Pytel-Wade variation"]
[ECO "B01"]
[Time "16:00:24"]
[TimeControl "2700+45"]

1. e4 d5 2. exd5 Qxd5 3. Nc3 Qd6 4. Bc4 Nf6 5. Nf3 Bg4 6. O-O Nc6 7. Be2 a6 8.
d3 g6 9. Be3 Bg7 10. Nd2 Bxe2 11. Qxe2 O-O 12. Nde4 Nxe4 13. Nxe4 Qb4 14. c3 Qb5
15. Rad1 b6 16. d4 Qxe2 {White resigns} 0-1

[Event "Team 45 45 League T77"]
[Site "Internet Chess Club"]
[Date "2018.07.09"]
[Round "3"]
[White "stantheman59"]
[Black "Ticktockman"]
[Result "1-0"]
[WhiteElo "1232"]
[BlackElo "1145"]
[Opening "French: advance variation"]
[ECO "C02"]
[Time "14:04:16"]
[TimeControl "2700+45"]

1. e4 d5 2. e5 e6 3. d4 Nc6 4. Nf3 b6 5. Bb5 Bb7 6. Bxc6+ Bxc6 7. a3 Bb7 8. Be3
Ba6 9. Nc3 h6 10. Ne2 Ne7 11. O-O Nf5 12. Qd2 Qd7 13. Rfc1 O-O-O 14. b3 Qb5 15.
Nc3 Qd7 16. b4 g5 17. h3 Bg7 18. a4 f6 19. b5 Bb7 20. a5 Qe7 21. axb6 axb6 22.
g4 Nxe3 23. Qxe3 Kd7 24. Ne2 Ra8 25. Nd2 Rxa1 26. Rxa1 Ra8 27. Rxa8 Bxa8 28. Ng3
Qb4 29. Qd3 Kc8 30. Nf3 Qc4 31. Qh7 Qxb5 32. Qxg7 Qb1+ 33. Kg2 Qxc2 34. exf6 Qc6
35. f7 Qd6 36. f8=Q+ Qxf8 37. Qxf8+ Kb7 38. Qxh6 b5 39. Qxe6 c6 40. Nxg5 Kb6 41.
Qe1 b4 42. Qxb4+ Kc7 43. Ne6+ Kd7 44. Nc5+ Kc7 45. g5 Kd6 46. Nf5+ Kc7 47. g6
Kd8 48. g7 Ke8 49. g8=Q# {Black checkmated} 1-0

[Event "Team 45 45 League T77"]
[Site "Internet Chess Club"]
[Date "2018.07.07"]
[Round "3"]
[White "Graybeard"]
[Black "kingsrook"]
[Result "0-1"]
[WhiteElo "1007"]
[BlackElo "1165"]
[Opening "Sicilian defense"]
[ECO "B40"]
[Time "15:00:27"]
[TimeControl "2700+45"]

1. e4 c5 2. Nf3 e6 3. Nc3 a6 4. d3 Be7 5. g3 Nc6 6. Bg2 Nf6 7. Be3 O-O 8. O-O d5
9. exd5 exd5 10. d4 b6 11. Ne5 Bb7 12. Nxc6 Bxc6 13. dxc5 bxc5 14. Bf4 Bd6 15.
Qd2 Bxf4 16. Qxf4 Rc8 17. Rad1 d4 18. Bxc6 Rxc6 19. Ne4 Nd5 20. Qg5 h6 21. Qxd8
Rxd8 22. Rfe1 Nb4 23. c3 Nxa2 24. b4 cxb4 25. cxb4 Nxb4 26. Kg2 a5 27. Re2 Rc2
28. Red2 d3 29. Kf3 a4 30. Ra1 Ra8 31. Ra3 Rxd2 32. Nxd2 Nc2 33. Rxd3 a3 34. Nb3
a2 35. Rd1 Rb8 36. Na1 Rb1 37. Rd8+ Kh7 38. Rc8 Nxa1 39. Ra8 Rb2 40. h4 Nb3 41.
Ke3 a1=Q 42. Rxa1 Nxa1 43. f3 Rb3+ 44. Kf4 Nc2 45. g4 g6 46. g5 h5 47. Ke4 Rb4+
48. Kd3 Ne1+ 49. Ke2 Nxf3 50. Kxf3 Rxh4 51. Kg3 Rg4+ 52. Kh3 Rxg5 53. Kh4 Kh6
54. Kh3 f5 {White resigns} 0-1

[Event "Team 45 45 League T77"]
[Site "Internet Chess Club"]
[Date "2018.07.08"]
[Round "3"]
[White "SeniorCitizen"]
[Black "henrychess99"]
[Result "1-0"]
[WhiteElo "1264"]
[BlackElo "1161"]
[Opening "Danish gambit"]
[ECO "C21"]
[Time "13:00:33"]
[TimeControl "2700+45"]

1. e4 e5 2. d4 exd4 3. c3 dxc3 4. Bc4 Nc6 5. Qd5 Qf6 6. Nxc3 Nb4 7. Qd2 Bc5 8.
Nf3 Ne7 9. O-O O-O 10. a3 Nbc6 11. b4 Bb6 12. Re1 Ne5 13. Nxe5 Qxe5 14. Rb1 Bd4
15. Nd5 Nxd5 16. exd5 Qf6 17. Qf4 Qxf4 18. Bxf4 d6 19. Be3 Bc3 20. Rec1 Be5 21.
Rb3 Bf5 22. Bd3 Bxd3 23. Rxd3 Bb2 24. Rxc7 b6 25. Rc6 Be5 26. f4 Bf6 27. Rxd6
Rfd8 28. Rxd8+ Rxd8 29. g4 h6 30. Kg2 g5 31. Kf3 gxf4 32. Bxf4 Kg7 33. Bc7 Rc8
34. d6 Be5 35. d7 {Black resigns} 1-0